 Dungeon Crawl Stone Soup version 0.31-a0-1454-g6064750 (webtiles) character file.

Game seed: 10906898275900533446

200 edsrzf the Conjurer (level 5, -7/31 HPs)
             Began as an Octopode Hedge Wizard on Dec 27, 2023.
             Mangled by an iguana (12 damage)
             ... on level 5 of the Dungeon.
             The game lasted 00:05:23 (4438 turns).

edsrzf the Conjurer (Octopode Hedge Wizard)         Turns: 4438, Time: 00:05:25

Health: -7/31      AC:  1    Str: 10    XL:     5   Next: 78%
Magic:  4/9        EV: 13    Int: 18    God:
Gold:   279        SH:  0    Dex: 11    Spells: 3/10 levels left

rFire   . . .        a - +0 dagger
rCold   . . .        (no shield)
rNeg    . . .        b - +0 hat
rPois   .            (no amulet)
rElec   .            (no ring)
rCorr   .            (no ring)
SInv    .            (no ring)
Will    .....        (no ring)
Stlth   +++          (no ring)
HPRegen 0.25/turn    (no ring)
MPRegen 0.11/turn    (no ring)
                     (no ring)

%: no passive effects
@: no status effects
A: almost no armour, amphibious, 8 rings, camouflage 1, gelatinous body 1,
(nimble swimmer 1), tentacles
a: no special abilities


You were on level 5 of the Dungeon.
You visited 1 branch of the dungeon, and saw 5 of its levels.

You collected 279 gold pieces.

Inventory:

Hand Weapons
 a - a +0 dagger (weapon)
Missiles
 q - 4 poisoned darts
 s - 6 curare-tipped darts
Armour
 b - a +0 hat (worn)
Wands
 m - a wand of paralysis (12)
Scrolls
 d - a scroll of fog {unknown}
 e - 2 scrolls of enchant armour {unknown}
 f - 5 scrolls of identify {unknown}
 g - 2 scrolls of brand weapon {unknown}
 h - a scroll of blinking {unknown}
 k - a scroll of fear {unknown}
 n - a scroll of revelation {unknown}
 o - 2 scrolls of vulnerability {unknown}
 r - a scroll of enchant weapon {unknown}
Potions
 c - a potion of lignification {unknown}
 i - 3 potions of curing {unknown}
 j - 2 potions of enlightenment {unknown}
 l - 3 potions of brilliance {unknown}
 p - a potion of haste {unknown}


   Skills:
 - Level 2.0 Dodging
 - Level 2.6 Stealth
 - Level 3.0 Spellcasting
 + Level 5.5 Conjurations
 - Level 1.0 Summonings
 - Level 1.0 Translocations


You had 3 spell levels left.
You knew the following spells:

 Your Spells              Type           Power      Damage    Failure   Level
b - Blink                 Tloc           12%        N/A       16%         2
s - Slow                  Hex            8%         N/A       16%         1
C - Mephitic Cloud        Conj/Alch/Air  9%         N/A       22%         3
X - Magic Dart            Conj           88%        1d7       1%          1

Your spell library contained the following spells:

 Spells                   Type           Power      Damage    Failure   Level
 Foxfire                  Conj/Fire      48%        2x1d6     5%          1
 Call Imp                 Summ           12%        N/A       16%         2
 Cigotuvi's Dreadful Rot  Necr/Alch/Air  4%         N/A       24%         2
 Plasma Beam              Fire/Air       1%         2x1d11    100%        6
 Starburst                Conj/Fire      6%         6d4       100%        6


Dungeon Overview and Level Annotations

Branches:
Dungeon (5/15)
 Temple: D:4-7

Altars:


Innate Abilities, Weirdness & Mutations

You cannot wear most types of armour.
You are amphibious.
You can wear up to eight rings at the same time.
Your skin changes colour to match your surroundings (Stealth+).
Your rubbery body absorbs attacks. (AC +1, EV +1)
((You are camouflaged when in or above water. (Stealth+)))
You have tentacles for arms and can constrict up to eight enemies at once.


Message History

Confirm with . or Enter, or press ? or * to list all spells.
The magic dart hits the orc but does no damage.
The orc is heavily wounded.
The orc closely misses you.
You see here a +0 short sword.
You closely miss the orc. You grab the orc.
You squeeze the orc, but do no damage.
The orc is heavily wounded.
You constrict the orc, but do no damage.
The orc hits you with a +0 dagger.
You barely miss the orc.
The orc is heavily wounded.
You constrict the orc, but do no damage.
The orc closely misses you.
You hit the orc but do no damage. You squeeze the orc, but do no damage.
The orc is heavily wounded.
You constrict the orc, but do no damage.
The orc barely misses you.
You hit the orc but do no damage. You squeeze the orc.
You kill the orc!
Things that are here:
a +0 dagger; a +0 scale mail You see here a +0 short sword.
Things that are here:
a +0 dagger; a +0 scale mail
Things that are here:
a +0 dagger; a +0 ring mail; an orc corpse You start resting.
HP restored.
Magic restored.
An orc comes into view. It is wielding a +0 whip.
Casting: Magic Dart (safe; 1% risk of failure)
Confirm with . or Enter, or press ? or * to list all spells.
The magic dart hits the orc.
The orc is almost dead.
The orc shouts!
Casting: Magic Dart (safe; 1% risk of failure)
Confirm with . or Enter, or press ? or * to list all spells.
The magic dart hits the orc.
You kill the orc!
No target in view!
An orc comes into view. It is wielding a +0 hand axe.
Casting: Magic Dart (safe; 1% risk of failure)
Confirm with . or Enter, or press ? or * to list all spells.
The magic dart hits the orc!
You kill the orc!
No target in view!
No target in view!
You now have 279 gold pieces (gained 29).
Things that are here:
a +0 hand axe; an orc corpse
Found a stone staircase leading down.
There is a stone staircase leading down here.
g - 2 scrolls labelled ZYCIWA WEON (gained 1)
Found a blade talisman.
No target in view!
No target in view!
An iguana comes into view.
Casting: Magic Dart (safe; 1% risk of failure)
Confirm with . or Enter, or press ? or * to list all spells.
The magic dart hits the iguana but does no damage.
The iguana hisses angrily.
Casting: Magic Dart (safe; 1% risk of failure)
Confirm with . or Enter, or press ? or * to list all spells.
The magic dart hits the iguana but does no damage.
Casting: Magic Dart (safe; 1% risk of failure)
Confirm with . or Enter, or press ? or * to list all spells.
The magic dart hits the iguana but does no damage.
You barely miss the iguana. You grab the iguana.
You squeeze the iguana, but do no damage.
You constrict the iguana, but do no damage.
The iguana closely misses you.
You hit the iguana. You squeeze the iguana!
The iguana is severely wounded.
You constrict the iguana, but do no damage.
The iguana bites you!
You hit the iguana but do no damage.
You squeeze the iguana, but do no damage.
The iguana is severely wounded.
You constrict the iguana. The iguana barely misses you.
Casting: Magic Dart (safe; 1% risk of failure)
Confirm with . or Enter, or press ? or * to list all spells.
Aiming: Magic Dart (safe; 1% risk of failure)
Press: ? - help, Shift-Dir - straight line, f/p - iguana
Aim: an iguana (severely wounded, constricted by you, 100% to hit)
The magic dart hits the iguana.
The iguana is almost dead.
You constrict the iguana, but do no damage.
The iguana bites you!
* * * LOW HITPOINT WARNING * * *
Casting: Magic Dart (safe; 1% risk of failure)
Confirm with . or Enter, or press ? or * to list all spells.
Aiming: Magic Dart (safe; 1% risk of failure)
Press: ? - help, Shift-Dir - straight line, f/p - iguana
Aim: an iguana (almost dead, constricted by you, 100% to hit)
The magic dart hits the iguana but does no damage.
The iguana is almost dead.
You constrict the iguana, but do no damage.
The iguana bites you!
You die...

#. .. #.
####### #.
#.....# #.
#.....# #.
+.....#
#.###.....#
#l@......#
.....%######..#
..... #..##
.... #...## ...
##...# ## ..
#.#.#######. .
#.#.........
#.########..
#.# ##.


You could see an iguana.

Vanquished Creatures
  A hound (D:4)
  9 adders
  2 worms
  3 dart slugs (D:1)
  6 orcs
  6 bats
  6 endoplasms
  2 giant cockroaches (D:4)
  8 goblins
  8 hobgoblins
  7 kobolds
  13 ball pythons
  A rat (D:3)
72 creatures vanquished.

Notes
Turn   | Place    | Note
-------+----------+-------------------------------------------
     0 | D:1      | edsrzf the Octopode Hedge Wizard began the quest for the
                  | Orb.
     0 | D:1      | Reached XP level 1. HP: 11/11 MP: 4/4
   242 | D:1      | Reached skill level 2 in Conjurations
   242 | D:1      | Reached XP level 2. HP: 17/17 MP: 3/6
   651 | D:1      | Reached XP level 3. HP: 7/21 MP: 7/7
  1110 | D:1      | Reached skill level 3 in Conjurations
  1194 | D:2      | Found a faded altar of an unknown god.
  1371 | D:2      | Learned a level 1 spell: Slow
  1794 | D:2      | Reached XP level 4. HP: 27/27 MP: 2/8
  2257 | D:3      | Reached skill level 4 in Conjurations
  2574 | D:3      | Learned a level 3 spell: Mephitic Cloud
  2577 | D:3      | Learned a level 2 spell: Blink
  3084 | D:4      | Reached XP level 5. HP: 31/31 MP: 6/9
  3453 | D:4      | Reached skill level 5 in Conjurations
  4220 | D:5      | Entered Level 5 of the Dungeon
  4438 | D:5      | Mangled by an iguana

Illustrated notes

Levels and vault maps discovered:
D:1:      dpeg_arrival_morbid_curiosity, layout_loops_ring
D:2:      layout_basic, ebering_ecumenical_altar_abandoned
D:3:      layout_basic
D:4:      layout_cave_pods
D:5:      layout_basic, minmay_temple_entry_enclosed_plants, serial_shops,
          kennysheep_mini_moat, ebering_ghost_rock_garden, roderic_lattice_a

Skill      XL: |  1  2  3  4  5 |
---------------+----------------+-----
Conjurations   | 2 3 4 5 |  5.5
Dodging        | |  2.0
Stealth        | |  2.6
Spellcasting   | |  3.0
Summonings     | |  1.0
Translocations | |  1.0

Action                     |  1- 3 |  4- 6 || total
---------------------------+-------+-------++-------
  Melee: Dagger            |    16 |    14 ||    30
         Constrict         |     5 |     4 ||     9
         Tentacles         |     4 |     7 ||    11
   Cast: Magic Dart        |    65 |   105 ||   170
    Use: Potion            |     1 |       ||     1
 Armour: Skin              |    11 |    11 ||    22
  Dodge: Dodged            |    20 |    18 ||    38

Table legend: (Time is in decaauts)
 A = Elapsed time spent in this place.
 B = Non-inter-level travel time spent in this place.
 C = Inter-level travel time spent in this place.
 D = Time resting spent in this place.
 E = Time spent auto-exploring this place.
 F = Levels seen in this place.
 G = Mean time per level.
                   A        B        C        D        E       F      G
               +--------+--------+--------+--------+--------+-----+--------+
         Total |   4437 |   4334 |    103 |    542 |   3402 |   5 |  887.4 |
       Dungeon |   4437 |   4334 |    103 |    542 |   3402 |   5 |  887.4 |
               +--------+--------+--------+--------+--------+-----+--------+

Top non-repeatable levels by time:
     D:1: 1194 daAuts
     D:4: 1154 daAuts
     D:2: 1034 daAuts
     D:3: 835 daAuts
     D:5: 217 daAuts
